 Dungeon Crawl Stone Soup version 0.16-a0-4088-g7c8221e (webtiles) character file.

1283 Speissi the Archer (level 8, -5/62 HPs)
             Began as a Centaur Hunter on Feb 23, 2015.
             Was a Believer of Okawaru.
             Slain by an orc warrior
             ... wielding a +0 war axe
              (18 damage)
             ... on level 6 of the Dungeon.
             The game lasted 00:37:40 (6287 turns).

Speissi the Archer (Centaur Hunter)                 Turns: 6287, Time: 00:37:40

Health: -5/62      AC:  7    Str: 14    XL:     8   Next: 29%
Magic:  6/6        EV:  8    Int: 10    God:    Okawaru [**....]
Gold:   366        SH:  0    Dex: 16    Spells: 1 memorised, 4 levels left

rFire  . . .     SeeInvis .     a - +1 hand axe (freeze)
rCold  + . .     Clarity  .     r - +0 scale mail {rC+}
rNeg   . . .     SustAb   .     (no shield)
rPois  .         Gourm    .     (no helmet)
rElec  .         Spirit   .     h - +0 cloak
rCorr  .         Warding  .     (no gloves)
rMut   .         Stasis   .     (no barding)
MR     .....                    (no amulet)
Stlth  ..........               p - +3 ring of dexterity
                                g - +2 ring of slaying

@: very quick, not resistant to hostile enchantments, extremely unstealthy
A: hooves 3, deformed body, speed 2, tough skin 3
a: Heroism, Renounce Religion


You were on level 6 of the Dungeon.
You worshipped Okawaru.
Okawaru was pleased with you.
You were not hungry.

You visited 2 branches of the dungeon, and saw 7 of its levels.

You collected 366 gold pieces.

Inventory:

Hand weapons
 a - a +1 hand axe of freezing (weapon)
 b - a +1 shortbow
Missiles
 s - 3 arrows of frost
Armour
 d - a +0 leather armour
 h - a +0 cloak (worn)
 r - a +0 scale mail of cold resistance (worn)
Jewellery
 g - a +2 ring of slaying (left hand)
 p - a +3 ring of dexterity (right hand)
Magical devices
 n - a wand of lightning (5)
Scrolls
 k - a scroll of enchant armour
 l - 3 scrolls of recharging
 m - a scroll of fog
 w - a scroll of identify
 y - 2 scrolls of remove curse
Potions
 e - a potion of haste {unknown}
 i - a potion of might {unknown}
 j - a potion of beneficial mutation {unknown}
 o - 3 potions of curing
 u - a potion of lignification {unknown}
 x - a potion of heal wounds {unknown}
 z - a potion of restore abilities {unknown}
Books
 t - a book of Spatial Translocations

   Spells                             Type                      Level
   a - Apportation                    Translocation                1
   b - Blink                          Translocation                2
   c - Shroud of Golubria             Charms/Translocation         2
   d - Portal Projectile              Translocation                3
   e - Teleport Other                 Translocation                3
   f - Passage of Golubria            Translocation                4
Comestibles
 f - 4 bread rations
 q - 3 slices of pizza
 v - 3 fruits


   Skills:
 + Level 2.5 Fighting
   Level 0.1 Short Blades
 + Level 0.5 Axes
 * Level 12.5 Bows
 + Level 2.1 Armour
 + Level 2.0 Dodging
 - Level 0.6 Stealth


You had 4 spell levels left.
You knew the following spells:

 Your Spells              Type           Power        Failure   Level  Hunger
a - Portal Projectile     Tloc           #.....       100%        3    ####...


Dungeon Overview and Level Annotations

Branches:
Dungeon (6/15)             Temple (1/1) D:4

Altars:
Ashenzari
Cheibriados
Dithmenos
Gozag
Makhleb
Okawaru
Ru
Sif Muna
Vehumet
Yredelemnul
Zin

Annotations:
D:5 Pikel


Innate Abilities, Weirdness & Mutations

You have hooves in place of feet.
Armour fits poorly on your strangely shaped body.
You cover ground very quickly.
You have extremely tough skin (AC +3).


Message History

You kick the orc warrior.
The orc warrior is severely wounded.
The orc warrior barely misses you.
Your scale mail prevents you from hitting the orc warrior.
Your kick misses the orc warrior.
The orc warrior is severely wounded.
The orc warrior closely misses you.
You hit the orc warrior but do no damage.
Your kick misses the orc warrior.
The orc warrior is severely wounded.
The orc warrior hits you with a war axe.
You hit the orc warrior but do no damage.
The orc warrior is severely wounded.
The orc warrior hits you with a war axe!!
* * * LOW HITPOINT WARNING * * *
You barely miss the orc warrior.
You kick the orc warrior, but do no damage.
The orc warrior is severely wounded.
The orc warrior hits you with a war axe!!
You die...

.###.####.#.#.#.#.....#.###
#. .. ..# #.#.#.#.#.#####.#
######. .# ###
#.#.#.#<........###...((.
.#
#.#.#>##........(..(...(.
.#
#.#.#.................(?(
.#
.......#............((...
........#.......(.(..(....
#....... #.................
###.#.## #@o....(..((.(....
#.#.# #.........((.(....
#.#.# ############......
#.# #######


You could see an orc warrior.

Vanquished Creatures
  2 ice beasts
  2 ogres (D:5)
  4 slaves (D:5)
  A scorpion (D:4)
  A crimson imp (D:5)
  A centaur skeleton (D:4)
  4 orc priests
  7 orc wizards
  A hound (D:5)
  An iguana (D:4)
  2 hell rats (D:5)
  A worker ant (D:4)
  A killer bee zombie (D:6)
  2 hound skeletons
  3 gnolls (D:4)
  12 adders
  3 river rats (D:5)
  2 shadow imps (D:5)
  3 worms
  A giant mite (D:5)
  An adder zombie (D:5)
  6 giant geckos
  An ooze (D:2)
  17 orcs
  9 bats
  2 bat skeletons
  5 giant cockroaches
  10 goblins
  4 hobgoblins
  3 quokkas
  A giant gecko zombie (D:6)
  3 giant newts
  A jackal skeleton (D:5)
  8 kobolds
  46 rats
171 creatures vanquished.

Notes
Turn   | Place    | Note
--------------------------------------------------------------
     0 | D:1      | Speissi, the Centaur Hunter, began the quest for the Orb.
     0 | D:1      | Reached XP level 1. HP: 17/17 MP: 1/1
    49 | D:1      | Reached XP level 2. HP: 24/24 MP: 2/2
   156 | D:1      | Reached skill level 6 in Bows
   528 | D:2      | Found a deep blue altar of Sif Muna.
   826 | D:2      | Reached XP level 3. HP: 27/29 MP: 3/3
  1215 | D:2      | Reached XP level 4. HP: 22/36 MP: 3/3
  1532 | D:2      | Reached skill level 7 in Bows
  2428 | D:3      | Found a sacrificial altar of Ru.
  2456 | D:3      | Reached skill level 1 in Armour
  2456 | D:3      | Reached XP level 5. HP: 41/41 MP: 4/4
  2532 | D:3      | Noticed a phantom
  2951 | D:3      | Found a snail-covered altar of Cheibriados.
  3322 | D:4      | Reached skill level 8 in Bows
  3366 | D:4      | Found a staircase to the Ecumenical Temple.
  3373 | Temple   | Entered the Ecumenical Temple
  3431 | Temple   | Became a worshipper of Warmaster Okawaru
  3550 | D:4      | Reached XP level 6. HP: 28/48 MP: 5/5
  3678 | D:4      | Reached skill level 9 in Bows
  3703 | D:4      | Found a burning altar of Makhleb.
  3871 | D:4      | Acquired Okawaru's first power
  4125 | D:4      | Reached skill level 10 in Bows
  4125 | D:4      | Reached XP level 7. HP: 41/55 MP: 5/5
  4514 | D:4      | Learned a level 3 spell: Portal Projectile
  4515 | D:5      | Entered Level 5 of the Dungeon
  4586 | D:5      | Noticed Pikel
  4801 | D:5      | Reached skill level 11 in Bows
  4841 | D:5      | HP: 2/55 [ogre/giant spiked club (21)]
  5337 | D:5      | Reached XP level 8. HP: 36/62 MP: 6/6
  5358 | D:5      | Reached skill level 12 in Bows
  6287 | D:6      | Slain by an orc warrior

Action                   |  1- 3 |  4- 6 |  7- 9 || total
-------------------------+-------+-------+-------++-------
Melee: Short sword       |    29 |    34 |       ||    63
       Hand axe          |       |    20 |    13 ||    33
       Shortbow          |       |       |     1 ||     1
 Fire: Shortbow          |    93 |   182 |   281 ||   556
  Use: Potion            |       |     1 |       ||     1
       Scroll            |       |     5 |     4 ||     9
  Eat: Chunk             |       |     1 |     1 ||     2
       Meat ration       |       |     1 |     1 ||     2
       Beef jerky        |       |     1 |       ||     1
       Royal jelly       |       |       |     1 ||     1
